 Dungeon Crawl Stone Soup version 0.31-a0-177-g4aa6249778 (webtiles) character file.

Game seed: 11921532683442270928

358 qw the Chopper (level 6, -3/38 HPs)
             Began as a Gargoyle Fighter on June 18, 2023.
             Was an Initiate of Okawaru.
             Slain by Prince Ribbit (11 damage)
             ... on level 5 of the Dungeon.
             The game lasted 00:01:44 (3164 turns).

qw the Chopper (Gargoyle Fighter)                   Turns: 3164, Time: 00:01:45

Health: -3/38      AC: 13    Str: 22    XL:     6   Next: 64%
Magic:  6/6        EV:  8    Int:  8    God:    Okawaru [......]
Gold:   117        SH:  4    Dex:  9    Spells: 5/5 levels left

rFire   . . .        Y - +0 war axe (drain)
rCold   . . .        c - +0 buckler
rNeg    + . .        g - +0 chain mail
rPois   inf          (no helmet)
rElec   +            (no cloak)
rCorr   .            (no gloves)
SInv    .            (no boots)
Will    .....        (no amulet) Stlth
                     (no ring)
HPRegen 0.26/turn    (no ring)
MPRegen 0.10/turn

%: no passive effects
@: no status effects
A: sickness immunity, AC +4, negative energy resistance 1, electricity
resistance, torment resistance 1, petrification resistance
a: Renounce Religion


You were on level 5 of the Dungeon.
You worshipped Okawaru.
Okawaru was noncommittal.
You visited 1 branch of the dungeon, and saw 5 of its levels.

You collected 117 gold pieces.


Innate Abilities, Weirdness & Mutations

You are immune to sickness and miasma.
Your stone body is resilient. (AC +4)
You are immune to poison.
You resist negative energy. (rN+)
You are resistant to electric shocks. (rElec)
You are resistant to unholy torment.
You are immune to petrification.


   Skills:
 - Level 4.0 Fighting
 + Level 5.9 Axes
 - Level 3.2 Armour
 - Level 3.2 Shields


You had 5 spell levels left.
You didn't know any spells.
Your spell library was empty.

Inventory:

Hand Weapons
 b - a +0 war axe
 m - a +0 morningstar
 Y - a +0 war axe of draining (weapon)
Missiles
 e - 7 boomerangs (quivered)
Armour
 c - a +0 buckler (worn)
 g - a +0 chain mail (worn)
Scrolls
 j - 2 scrolls of identify
Potions
 a - a potion of cancellation
 d - 3 potions of might
 f - a potion of haste {unknown}
 h - a potion of lignification {unknown}
 i - a potion of degeneration {unknown}
 k - a potion of ambrosia {unknown}

Dungeon Overview and Level Annotations

Branches:
Dungeon (5/15)
 Temple: D:4-7

Altars:
Elyvilon
Okawaru

Shops:
D:1 =

Annotations:
D:5 Prince Ribbit


Message History

Prince Ribbit gives a loud, deep croak!
A phantom comes into view.
Enter note:
Enter note:
Enter note:
Enter note: You throw a boomerang.
The boomerang closely misses Prince Ribbit.
You throw a boomerang. The boomerang misses Prince Ribbit.
You throw a boomerang.
The boomerang closely misses Prince Ribbit.
Prince Ribbit hops awkwardly around.
Prince Ribbit catches a small bird with his tongue.
Prince Ribbit hits you.
You miss Prince Ribbit.
Prince Ribbit hits you but does no damage.
You closely miss Prince Ribbit. Prince Ribbit hits you.
You block Prince Ribbit's attack.
You miss Prince Ribbit. You hit the phantom but do no damage.
Prince Ribbit hits you!
The phantom hits you but does no damage.
Prince Ribbit hits you but does no damage.
You miss Prince Ribbit. You barely miss the phantom. Prince Ribbit hits you!
The phantom hits you but does no damage.
You closely miss Prince Ribbit. You hit the phantom.
Prince Ribbit hits you but does no damage.
The phantom hits you but does no damage.
Prince Ribbit barely misses you.
You slash the phantom!
The phantom is heavily damaged.
You miss Prince Ribbit. You block Prince Ribbit's attack.
The phantom hits you but does no damage.
Prince Ribbit hits you. The phantom hits you.
You closely miss the phantom.
The phantom is heavily damaged.
You hit Prince Ribbit but do no damage. You drain Prince Ribbit.
Prince Ribbit hits you!
You die...

###..........## ...
##.............# ...
#..............# ....
#..............# .....
#..............# .....#
#..............# ......#
#.............##
.......##.............#
.....!F@..............##
......W..............##.
........##........<.##..
........###............#
......#.. #............#
......#.. #............#
......#.. ##............
......#..##.............
#................


You could see Prince Ribbit (drained) and a phantom.

Vanquished Creatures
  A kobold brigand (D:3)
  A jelly (D:4)
  2 orc priests (D:4)
  An orc wizard (D:3)
  8 adders
  2 worms
  4 dart slugs
  11 orcs
  6 ball pythons
  4 bats
  6 endoplasms
  4 giant cockroaches
  5 goblins
  6 hobgoblins
  2 quokkas
  4 frilled lizards
  8 kobolds
  4 rats
79 creatures vanquished.

Notes
Turn   | Place    | Note
-------+----------+-------------------------------------------
     0 | D:1      | qw the Gargoyle Fighter began the quest for the Orb.
     0 | D:1      | Reached XP level 1. HP: 14/14 MP: 1/1
     0 | D:1      | 0 ||| qw: Version: 0.3-a-7-ge0c9b40
     0 | D:1      | 0 ||| qw: Game counter: 797
     0 | D:1      | 0 ||| qw: Always use a shield: true
     0 | D:1      | 0 ||| qw: God list: Okawaru
     0 | D:1      | 0 ||| qw: Allow faded altars: false
     0 | D:1      | 0 ||| qw: Do Orc after D:15 true
     0 | D:1      | 0 ||| qw: Do second Lair branch before Depths: true
     0 | D:1      | 0 ||| qw: Lair rune preference: random
     0 | D:1      | 0 ||| qw: Plans: Normal, Zot:1-4, Slime:5, God:TSO, Crypt,
                  | Tomb, Abyss, Pan, Hells, Win
     0 | D:1      | 0 ||| PLANNING D:1-11
    41 | D:1      | Reached skill level 2 in Axes
    53 | D:1      | 53 ||| Stepping ~*~*~tactically~*~*~ (stealth).
    55 | D:1      | 55 ||| Stepping ~*~*~tactically~*~*~ (hiding).
    64 | D:1      | Reached XP level 2. HP: 19/19 MP: 2/2
   353 | D:1      | Found a faded altar of an unknown god.
   498 | D:1      | Found Mauchich's Jewellery Emporium.
   502 | D:1      | 502 ||| SHOPLISTING +6 ring of dexterity (504 gold, have
                  | 3).
   502 | D:1      | 502 ||| SHOPLISTING +6 ring of strength (504 gold, have 3).
   502 | D:1      | 502 ||| SHOPLISTING amulet of faith (560 gold, have 3).
   502 | D:1      | 502 ||| SHOPLISTING ring "Nebba" {+Blink MP+9 Str-4 Int+6
                  | SInv} (905 gold, have 3).
   502 | D:1      | 502 ||| SHOPLISTING ring of ice (350 gold, have 3).
   502 | D:1      | 502 ||| SHOPLISTING ring of protection from fire (350 gold,
                  | have 3).
   502 | D:1      | 502 ||| SHOPLISTING ring of see invisible (210 gold, have
                  | 3).
   693 | D:1      | 693 ||| READING scroll labelled SAPPEU UDIE.
   694 | D:1      | 694 ||| READING scroll labelled UXKODO YXUO.
   695 | D:1      | 695 ||| READING scroll labelled NINAAD MEIRENN.
   773 | D:2      | Reached skill level 3 in Axes
   773 | D:2      | Reached XP level 3. HP: 22/23 MP: 3/3
   791 | D:2      | 791 ||| Stepping ~*~*~tactically~*~*~ (hiding).
   867 | D:2      | 867 ||| Stepping ~*~*~tactically~*~*~ (stealth).
  1051 | D:2      | Reached XP level 4. HP: 27/28 MP: 4/4
  1054 | D:2      | 1054 ||| DROPPING +0 club.
  1285 | D:2      | Identified the +1 ring mail of Vexation {Str+4 Slay-3}
  1388 | D:2      | Found a white marble altar of Elyvilon.
  1460 | D:2      | 1460 ||| UPGRADING to +0 chain mail.
  1470 | D:2      | 1470 ||| DROPPING +0 scale mail.
  1471 | D:2      | 1471 ||| DROPPING +1 ring mail of Vexation {Str+4 Slay-3}.
  1472 | D:2      | 1472 ||| READING scroll labelled BUIZXI JUNOAWA.
  1473 | D:2      | 1473 ||| READING scroll labelled IPAIPS MUSSUDA.
  1476 | D:2      | 1476 ||| READING scroll labelled ANELE XIEMM.
  1535 | D:3      | Reached skill level 4 in Axes
  1689 | D:3      | 1689 ||| FLEEEEING.
  1738 | D:3      | 1738 ||| Stepping ~*~*~tactically~*~*~ (hiding).
  1739 | D:3      | 1739 ||| Stepping ~*~*~tactically~*~*~ (hiding).
  1740 | D:3      | 1740 ||| Stepping ~*~*~tactically~*~*~ (hiding).
  1852 | D:3      | 1852 ||| Stepping ~*~*~tactically~*~*~ (stealth).
  1853 | D:3      | 1853 ||| Stepping ~*~*~tactically~*~*~ (stealth).
  1860 | D:3      | 1860 ||| Stepping ~*~*~tactically~*~*~ (hiding).
  1872 | D:3      | 1872 ||| FLEEEEING.
  1874 | D:3      | 1874 ||| FLEEEEING.
  1875 | D:3      | 1875 ||| FLEEEEING.
  1876 | D:3      | 1876 ||| FLEEEEING.
  1877 | D:3      | 1877 ||| FLEEEEING.
  1903 | D:3      | Reached XP level 5. HP: 20/32 MP: 5/5
  1954 | D:3      | 1954 ||| DROPPING +0 whip.
  2061 | D:3      | Noticed a kobold brigand
  2062 | D:3      | 2062 ||| Stepping ~*~*~tactically~*~*~ (stealth).
  2086 | D:3      | Killed a kobold brigand
  2087 | D:3      | Reached skill level 5 in Axes
  2127 | D:3      | You fall into a shaft and drop 1 floor!
  2129 | D:4      | 2129 ||| Stepping ~*~*~tactically~*~*~ (stealth).
  2132 | D:4      | 2132 ||| Stepping ~*~*~tactically~*~*~ (stealth).
  2136 | D:4      | 2136 ||| Stepping ~*~*~tactically~*~*~ (stealth).
  2167 | D:4      | 2167 ||| DROPPING +0 hand axe.
  2172 | D:4      | 2172 ||| READING 2 scrolls of identify.
  2172 | D:4      | 2172 ||| IDENTIFYING glowing golden potion
  2427 | D:3      | 2427 ||| READING scroll labelled CIATUA ESKEGED.
  2548 | D:4      | 2548 ||| Stepping ~*~*~tactically~*~*~ (stealth).
  2554 | D:4      | Reached XP level 6. HP: 38/38 MP: 6/6
  2574 | D:4      | 2574 ||| Stepping ~*~*~tactically~*~*~ (stealth).
  2620 | D:4      | Found an iron altar of Okawaru.
  2621 | D:4      | 2621 ||| PLANNING OKAWARU WORSHIP
  2628 | D:4      | 2628 ||| Stepping ~*~*~tactically~*~*~ (hiding).
  2672 | D:4      | 2672 ||| DROPPING +1 heavy hand axe.
  2704 | D:4      | Became a worshipper of Warmaster Okawaru
  2705 | D:4      | 2705 ||| PLANNING D:1-11
  2775 | D:4      | 2775 ||| DROPPING +0 flail.
  3103 | D:5      | Entered Level 5 of the Dungeon
  3154 | D:5      | Noticed Prince Ribbit
  3163 | D:5      | HP: 9/38 [Prince Ribbit (3)]
  3164 | D:5      | Slain by Prince Ribbit

Levels and vault maps discovered:
D:1:      amcnicky_arrival_gap_in_the_tavern_cellar, layout_basic, serial_shops,
          nicolae_shop_back_alley_shop, hellmonk_ecumenical_altar_leap_of_faith
D:2:      layout_loops_ring, basic_altar, palyth_stone_intersect
D:3:      kennysheep_big_flooded_room, layout_basic, due_unseen_surprise
D:4:      layout_basic, lemuel_tele_altar, minivault_23
D:5:      layout_cave_pods, uniq_grinder, uniq_prince_ribbit1

Skill      XL: |  1  2  3  4  5  6 |
---------------+-------------------+-----
Axes           | 2 3 4 5 |  5.9
Fighting       | 4 |  4.0
Armour         | |  3.2
Shields        | |  3.2

Action                     |  1- 3 |  4- 6 || total
---------------------------+-------+-------++-------
  Melee: War axe           |    63 |   151 ||   214
  Throw: Boomerang         |       |    41 ||    41
    Use: Scroll            |     3 |     5 ||     8
 Armour: Scale mail        |    23 |     1 ||    24
         Chain mail        |       |    92 ||    92
  Dodge: Dodged            |    27 |    58 ||    85
  Block: Buckler           |     7 |    28 ||    35

Table legend:
 A = Non-vault XP
 B = Vault XP
 C = Vault XP percentage of total XP
 D = Non-vault monster count
 E = Vault monster count
 F = Vault count percentage of total count
                 A         B        C        D         E       F
            +---------+---------+-------+---------+---------+-------
      Total |     508 |       4 |   0.8 |      77 |       2 |   2.5
            +---------+---------+-------+---------+---------+-------
        D:1 |      20 |       0 |   0.0 |      11 |       0 |   0.0
        D:2 |      73 |       0 |   0.0 |      19 |       0 |   0.0
        D:3 |     188 |       4 |   2.1 |      23 |       2 |   8.0
        D:4 |     227 |       0 |   0.0 |      24 |       0 |   0.0
            +---------+---------+-------+---------+---------+-------
